 Dungeon Crawl Stone Soup version 0.28.0-43-g3370ac3207 (webtiles) character file.

Game seed: 15982458064954768879

4509 theElss the Fighter (level 10, -5/65 HPs)
             Began as a Gargoyle Berserker on Mar 3, 2022.
             Was a Priest of Trog.
             Slain by an apocalypse crab (23 damage)
             ... on level 2 of the Abyss.
             The game lasted 00:16:45 (9568 turns).

theElss the Fighter (Gargoyle Berserker)            Turns: 9568, Time: 00:16:45

Health: -5/65      AC: 30    Str: 24    XL:     10   Next: 39%
Magic:  10/10      EV:  9    Int:  7    God:    Trog [***...]
Gold:   430        SH:  0    Dex: 11    Spells: 9/9 levels left

rFire   . . .      SeeInvis .   F - +0 flail (protect)
rCold   . . .      Faith    .   (no shield)
rNeg    + . .      Spirit   .   f - +0 plate armour
rPois   ∞          Reflect  .   i - +0 helmet
rElec   +          Harm     .   (no cloak)
rCorr   .          Rampage  .   (no gloves)
Will    ++...                   E - +0 pair of boots
Stlth   ..........              y - amulet of the acrobat
HPRegen 1.20/turn               (no ring)
MPRegen 0.12/turn               (no ring)

@: strong-willed (expiring), under a protective aura, on berserk cooldown,
regenerating (expiring), slowed, very slow
A: sickness immunity, AC +7, negative energy resistance 1, electricity
resistance, torment resistance 1, petrification resistance
a: Renounce Religion, Berserk, Trog's Hand


You were on level 2 of the Abyss.
You worshipped Trog.
Trog was most pleased with you.
You visited 1 branch of the dungeon, and saw 9 of its levels.
You visited the Abyss 1 time.

You collected 430 gold pieces.

Inventory:

Hand Weapons
 F - a +0 flail of protection (weapon)
Missiles
 v - 4 throwing nets
Armour
 f - a +0 plate armour (worn)
 i - a +0 helmet (worn)
 E - a +0 pair of boots (worn)
Jewellery
 j - a ring of ice
 s - an amulet of guardian spirit
 y - an amulet of the acrobat (around neck)
Wands
 o - a wand of flame (7)
 p - a wand of iceblast (18)
 t - a wand of charming (6)
 w - a wand of polymorph (12)
 D - a wand of acid (8)
Scrolls
 b - a scroll of vulnerability {unknown}
 c - 2 scrolls of brand weapon
 g - 3 scrolls of teleportation {unknown}
 h - a scroll of enchant armour {unknown}
 k - a scroll of identify
 m - a scroll of fog {unknown}
 n - 2 scrolls of amnesia {unknown}
 r - a scroll of enchant weapon {unknown}
 u - a scroll of blinking {unknown}
 B - a scroll of magic mapping {unknown}
Potions
 a - a potion of invisibility {unknown}
 d - a potion of curing
 e - a potion of flight
 l - a potion of lignification
 q - 2 potions of magic
 x - a potion of attraction
 z - 2 potions of heal wounds
 A - 3 potions of might
 C - a potion of cancellation {unknown}


   Skills:
 + Level 8.9 Fighting
 + Level 8.0 Maces & Flails
 + Level 8.4 Armour
 + Level 6.4 Dodging


You had 9 spell levels left.
You didn't know any spells.
Your spell library was empty.

Dungeon Overview and Level Annotations

Branches:
Dungeon (9/15)             Temple (0/1) D:4
   Lair: D:8-11         Orc: D:9-12

Altars:
Cheibriados
Gozag
Wu Jian

Annotations:
D:3 3 runed translucent doors, mememasterpepo's ghost, weakling FeTm
D:9 Erolcha


Innate Abilities, Weirdness & Mutations

You are immune to sickness and miasma.
Your stone body is resilient. (AC +7)
You are immune to poison.
You resist negative energy. (rN+)
You are resistant to electric shocks. (rElec)
You are resistant to unholy torment.
You are immune to petrification.


Message History

The green draconian monk breathes poison at you.
The blast of poison misses you.
An apocalypse crab comes into view.
You hear a chilling moan.
The green draconian monk barely misses you.
The green draconian monk kicks you but does no damage.
The green draconian monk tail-slaps you but does no damage.
The green draconian monk barely misses you.
Something hits you but does no damage.
Deactivating autopickup; reactivate with Ctrl-A.
You hit something but do no damage.
Your weapon exudes an aura of protection.
You feel the effects of Trog's Hand fading.
The green draconian monk hits you!
The green draconian monk kicks you but does no damage.
The green draconian monk tail-slaps you.
The green draconian monk tail-slaps you but does no damage.
Something hits you but does no damage.
The ancient zyme hits you but does no damage. x2
The apocalypse crab bites you but does no damage.
The apocalypse crab claws you.
You are engulfed in flames!
The green draconian monk hits you but does no damage.
The green draconian monk kicks you but does no damage.
The green draconian monk tail-slaps you but does no damage. x2
Something hits you but does no damage.
The ancient zyme hits you but does no damage. x2
You hit something but do no damage. Your punch misses something.
The apocalypse crab bites you but does no damage.
The apocalypse crab claws you. The apocalypse crab shocks you. You resist.
The green draconian monk completely misses you.
The green draconian monk kicks you but does no damage.
The green draconian monk tail-slaps you but does no damage.
The green draconian monk tail-slaps you.
Something hits you but does no damage.
The chaos spawn splatters into many small globs of multi-coloured light, then recombines.
The ancient zyme hits you but does no damage.
The ancient zyme closely misses you. The apocalypse crab bites you.
* * * LOW HITPOINT WARNING * * *
The apocalypse crab freezes you!!
You die...

##....#.#..###...#####
#.#....#.#
#........##..
..#...#.# .#.#. .#. ##
.....#.. #..#.......#.
#.#...###.#.....# .#.
#.....#...○...#.....
#..#..#.##.5..#...#○
#@q##x☼xx.4.X# ##°
#txx#°##°.###.##○5
#....#.4.5## #.##..4°°
#..#.####°.##.### # .#
#.# .. #### .. ☼#. .
#.. ... #.. .#.
...##..#. ...# ...# #
.. .. ##.


You could see a green draconian monk, an ancient zyme, an apocalypse crab, a
chaos spawn (poisoned), a small abomination and a white imp.

Vanquished Creatures
  A two-headed ogre (D:7)
  Joseph (D:8)
  A wyvern (D:8)
  6 yaks
  A steam dragon (D:6)
  Menkaure (D:4)
  An acid dragon (D:8)
  A black bear (D:6)
  An ice beast (D:5)
  An ogre (D:8)
  3 necrophages
  A centaur (D:8)
  2 kobold brigands
  3 bullfrogs
  A water moccasin zombie (D:7)
  2 scorpions (D:5)
  A water moccasin skeleton (D:5)
  8 wights
  A centaur zombie (D:8)
  2 hounds
  A centaur skeleton (D:7)
  An orc priest (D:5)
  2 jellies
  2 orc wizards
  4 iguanas
  A scorpion zombie (D:5)
  A killer bee zombie (D:8)
  A howler monkey zombie (D:8)
  6 gnolls (D:3)
  11 adders
  3 shadow imps
  An ufetubus (D:6)
  2 adder skeletons (D:4)
  3 worms
  3 dart slugs
  20 orcs
  5 ball pythons
  A bat (D:2)
  5 endoplasms
  5 giant cockroaches
  5 goblins
  7 hobgoblins
  4 jackals (D:2)
  18 kobolds
  5 quokkas
  5 frilled lizards
  7 rats
168 creatures vanquished.

Notes
Turn   | Place    | Note
-------+----------+-------------------------------------------
     0 | D:1      | theElss the Gargoyle Berserker began the quest for the Orb.
     0 | D:1      | Reached XP level 1. HP: 14/14 MP: 1/1
   539 | D:1      | Reached XP level 2. HP: 16/19 MP: 2/2
  1223 | D:2      | Reached XP level 3. HP: 15/23 MP: 3/3
  1421 | D:2      | Reached XP level 4. HP: 29/29 MP: 4/4
  1494 | D:2      | Found a faded altar of an unknown god.
  1675 | D:2      | Reached ** piety under Trog
  1926 | D:2      | Reached XP level 5. HP: 31/33 MP: 5/5
  3217 | D:3      | Reached XP level 6. HP: 39/39 MP: 6/6
  3476 | D:3      | Found a runed translucent gate.
  3476 | D:3      | Found a runed translucent gate.
  3476 | D:3      | Found an opulent altar of Gozag.
  3477 | D:3      | Found a runed translucent gate.
  3478 | D:3      | Noticed mememasterpepo's ghost (weakling FeTm)
  3947 | D:4      | Noticed Menkaure
  3956 | D:4      | Killed Menkaure
  4375 | D:4      | Reached *** piety under Trog
  4674 | D:4      | Found a staircase to the Ecumenical Temple.
  4731 | D:5      | Entered Level 5 of the Dungeon
  4742 | D:5      | Reached skill level 5 in Fighting
  4742 | D:5      | Reached XP level 7. HP: 44/44 MP: 3/7
  5275 | D:5      | Reached skill level 5 in Maces & Flails
  5415 | D:5      | Reached skill level 5 in Armour
  5644 | D:5      | Reached XP level 8. HP: 51/51 MP: 6/8
  6448 | D:6      | Identified the +1 robe of Eternal Vigilance {rN+ Will+
                  | Regen+ Dex-5}
  7175 | D:7      | Noticed a two-headed ogre
  7183 | D:7      | Killed a two-headed ogre
  7184 | D:7      | Reached skill level 5 in Dodging
  7184 | D:7      | Reached XP level 9. HP: 43/57 MP: 9/9
  8513 | D:8      | Noticed Joseph
  8528 | D:8      | Killed Joseph
  8529 | D:8      | Reached XP level 10. HP: 64/64 MP: 10/10
  8724 | D:8      | Found an ornate altar of the Wu Jian Council.
  8827 | D:8      | Found a snail-covered altar of Cheibriados.
  9428 | D:9      | Noticed Erolcha
  9432 | D:9      | Cast into level 1 of the Abyss (Erolcha)
  9467 | Abyss:1  | Noticed a wretched star
  9469 | Abyss:1  | Noticed a tentacled starspawn
  9512 | Abyss:2  | Noticed a smoke demon
  9525 | Abyss:2  | Found a corrupted altar of Lugonu.
  9535 | Abyss:2  | Noticed a thrashing horror
  9536 | Abyss:2  | Noticed a green draconian monk
  9564 | Abyss:2  | Noticed an apocalypse crab
  9568 | Abyss:2  | Slain by an apocalypse crab

Illustrated notes

Levels and vault maps discovered:
D:1:      dpeg_arrival_rooms_b, layout_loops_ring
D:2:      minmay_thinvault, layout_basic,
          hellmonk_ecumenical_altar_pennies_from_heaven
D:3:      layout_loops_cross, ebering_ghost_gozag, minmay_crystal_water,
          grunt_ministairs_6
D:4:      layout_basic, minmay_temple_entry_enclosed_plants, serial_bayou,
          serial_bayou_shore_b, serial_bayou_lagoon_b, serial_bayou_shore_b,
          serial_bayou_pond_d, uniq_menkaure
D:5:      layout_basic, kennysheep_generic_room_15
D:6:      layout_basic
D:7:      layout_basic, minivault_22
D:8:      layout_rooms, nicolae_overflow_hidden_temple,
          mainiacjoe_overflow_paths, grunt_ogre_cave, grunt_ministairs_5,
          uniq_joseph
D:9:      layout_loops_ring, gammafunk_temple_overflow_wave,
          gammafunk_ghost_arena, uniq_erolcha
Abyss:2:  base: D:5, hangedman_decor_peaks_small

Skill      XL: |  1  2  3  4  5  6  7  8  9 10 |
---------------+-------------------------------+-----
Dodging        | 2 3 4 5 6 |  6.4
Armour         | 3 4 5 7 8 |  8.4
Fighting       | 4 5 7 8 |  8.9
Maces & Flails | 4 5 6 7 8 |  8.0

Action                   |  1- 3 |  4- 6 |  7- 9 | 10-12 || total
-------------------------+-------+-------+-------+-------++-------
Melee: Mace              |    70 |   176 |       |       ||   246
       Punch             |       |     3 |     4 |     2 ||     9
       Flail             |       |    58 |   292 |    79 ||   429
Invok: Berserk           |     1 |     4 |    16 |     4 ||    25
       Trog's Hand       |       |     1 |       |     1 ||     2
  Use: Scroll            |       |     4 |     4 |       ||     8
       Potion            |       |       |       |     1 ||     1
Armor: Plate armour      |    32 |   153 |   185 |    65 ||   435
       Animal skin       |     5 |       |       |       ||     5
Dodge: Dodged            |    29 |    92 |   120 |    49 ||   290
